 Dungeon Sprint DCSS version 0.30-a0-1016-gfb0d676c02 (webtiles) character file.

Game seed: 5424156811340218768

28037 GloriousHammer the Slayer (level 13, -13/145 HPs)
             Began as a Minotaur Berserker on Apr 6, 2023.
             Was an Elder of Trog.
             Killed from afar by Lom Lobon (16 damage)
             ... with a vortex
             ... in the Dungeon (Sprint I: "Red Sonja").
             The game lasted 00:36:28 (6546 turns).

GloriousHammer the Slayer (Minotaur Berserker)      Turns: 6546, Time: 00:36:28

Health: -13/145    AC: 35    Str: 27    XL:     13   Next: 7%
Magic:  4/4        EV: 11    Int:  4    God:    Trog [****..]
Gold:   2851       SH:  5    Dex: 15    Spells: 12/12 levels left

rFire   + + .      SeeInvis .    j - +2 morningstar (antimagic)
rCold   + + +      Faith    .    t - +0 buckler
rNeg    + . .      Spirit   .    w - +0 gold dragon scales
rPois   +          Reflect  .    (helmet restricted)
rElec   +          Rampage  .    n - +1 cloak {Will+}
rCorr   .          NoTele   +    m - +3 Mad Mage's Maulers {Infuse+∞ VampMP -Cast}
Will    ++...      NoCast   +    i - +2 pair of boots "Weupnas" {*Slow rF+ Will+ Slay+3} Stlth
                                 (no amulet)
HPRegen 0.44/turn                s - ring of Egomania {rC+ rN+ Str+5 Stlth-}
MPRegen 0.09/turn                y - ring "Gigyghax" {rElec rC+ Str-2 Dex+6 Slay+3}

@: lethally poisoned (-13 -> -28), frozen, flying (expiring), slowed, very slow
A: horns 2, retaliatory headbutt, clumsy 1, sense surroundings 1, weak 1
a: Renounce Religion, Berserk, Trog's Hand, Brothers in Arms


You were in the Dungeon.
You worshipped Trog.
Trog was greatly pleased with you.
You visited 1 branch You collected 6467 gold pieces.
You spent 3616 gold pieces at shops.

Inventory:

Hand Weapons
 a - the +4 morningstar "Hoan" {heavy, rElec rCorr}
   (Trog gifted it to you in the Dungeon)

   rElec:     It insulates you from electricity.
   rCorr:     It protects you from acid and corrosion.
 j - a +2 antimagic morningstar (weapon)
Missiles
 l - 5 curare-tipped darts
Armour
 i - the +2 pair of boots "Weupnas" (worn) {*Slow rF+ Will+ Slay+3}
   (You found it in the Dungeon)

   Slay:      It affects your accuracy & damage with ranged weapons and melee
   (+3).
   rF:        It protects you from fire.
   *Slow:     It may slow you when you take damage.
   Will:      It increases your willpower.
 m - the +3 Mad Mage's Maulers (worn) {Infuse+∞ VampMP -Cast}
   (You found it in the Dungeon)

   Infuse+∞: It empowers its wearer's blows with all of their magic.
   VampMP:    Blows struck in melee replenish the wearer's magic.
   -Cast:     It prevents spellcasting.
 n - a +1 cloak of willpower (worn)
 t - a +0 buckler (worn)
 w - +0 gold dragon scales (worn)
Jewellery
 s - the ring of Egomania (left hand) {rC+ rN+ Str+5 Stlth-}
   (You bought it in a shop in the Dungeon)

   [ring of protection from cold]

   Str:       It affects your strength (+5).
   rC:        It protects you from cold.
   rN:        It protects you from negative energy.
   Stlth:     It makes you less stealthy.
 y - the ring "Gigyghax" (right hand) {rElec rC+ Str-2 Dex+6 Slay+3}
   (You found it in the Dungeon)

   [ring of dexterity]

   Str:       It affects your strength (-2).
   Dex:       It affects your dexterity (+6).
   Slay:      It affects your accuracy & damage with ranged weapons and melee
   (+3).
   rC:        It protects you from cold.
   rElec:     It insulates you from electricity.
 z - the ring of Wafrahy {Str+3 Int+3 Dex+3 SInv}
   (You found it in the Dungeon)

   [ring of see invisible]

   Str:       It affects your strength (+3).
   Int:       It affects your intelligence (+3).
   Dex:       It affects your dexterity (+3).
   SInv:      It lets you see invisible.
 C - a ring of protection from cold
Wands
 b - a wand of polymorph (9)
 r - a wand of flame (35)
 F - a wand of paralysis (9) (quivered)
Scrolls
 h - 2 scrolls of blinking
 o - a scroll of fear
 p - a scroll of poison
 v - a scroll of vulnerability
 B - a scroll of fog
Potions
 c - 5 potions of curing
 d - a potion of heal wounds
 e - 2 potions of haste
 f - 2 potions of magic
 g - a potion of berserk rage
 q - a potion of lignification
 x - a potion of flight
 A - a potion of invisibility
 D - a potion of resistance
Miscellaneous
 k - a phial of floods
 u - a phantom mirror


   Skills:
 + Level 22.1 Fighting
 - Level 16.0 Maces & Flails
 - Level 4.0 Throwing
 + Level 21.9 Armour
 - Level 10.8 Dodging
 - Level 6.0 Shields
 - Level 14.4 Evocations


You had 12 spell levels left.
You didn't know any spells.
Your spell library was empty.

Dungeon Overview and Level Annotations

Branches:
Dungeon (1/1)

Altars:
Cheibriados
Dithmenos
Elyvilon
Fedhas
Gozag
Hepliaklqana
Kikubaaqudgha
Makhleb
Nemelex Xobeh
Okawaru
Qazlal
Ru
Sif Muna
Trog
Uskayaw
Vehumet
Wu Jian
Xom
Yredelemnul
Zin
The Shining One
Jiyva
Lugonu

Shops:
D *?[!(?:*(((*(:!:(![[**

Annotations:
D Lom Lobon, Tiamat


Innate Abilities, Weirdness & Mutations

You have a pair of horns on your head.
You reflexively headbutt those who attack you in melee.
You are clumsy. (Dex -2)
You passively map a small area around you.
You are weak. (Str -2)


Message History

Okay, then.
You see here a piece from Xom's chessboard (15/15).
You are engulfed in dark miasma.
You are poisoned.
You feel very sick.
You see here a +2 longbow of flaming.
What are your orders? t - Shout!
Orders for allies: a - Attack new target. r - Retreat! s - Stop attacking. g - Guard the area. f - Follow me.
Anything else - Cancel.
You shout for attention!
You are engulfed in dark miasma.
You are more poisoned.
You feel extremely sick.
You are engulfed in dark miasma.
You feel yourself slow down.
You feel extremely sick.
You see here +1 ice dragon scales.
You are engulfed in dark miasma.
You feel extremely sick.
There is an open door here.
You feel very sick.
You see here a staff of cold.
You feel very sick.
You close the door.
You feel very sick.
You feel sick.
You see here a +1 short sword of holy wrath.
You feel sick.
There is an open door here.
You feel sick.
You start resting.
You feel sick.
You are no longer poisoned.
You start resting.
You feel yourself speed up.
You start resting.
Unknown command.
You start resting.
HP restored.
You enter the shallow water.
Moving in this stuff is going to be slow.
There is an open door here.
You see here a +1 short sword of holy wrath.
This door is marked as excluded!
Open it anyway?
You open the door.
There is an open door here.
You see here +1 ice dragon scales.
You see here the +8 war axe "Orchu" {pain, rElec rN+ MP+9}.
You see here a +2 longbow of flaming.
There is an open door here.
You are engulfed in dark miasma.
You are poisoned.
You feel extremely sick.
Unknown command.
You are engulfed in dark miasma.
You feel very sick.
Really walk into that cloud of foul pestilence?
Okay, then.
You are engulfed in dark miasma.
You are more poisoned.
You feel extremely sick.
Lom Lobon screams, "Give in, thou beslubbering ill-nurtured cretin!"
Lom Lobon gestures.
A freezing vortex appears around Lom Lobon!
You are engulfed in dark miasma.
You feel yourself slow down.
You feel very sick.
As you read the scroll of summoning, it crumbles to dust.
Wisps of shadow whirl around you...
You are engulfed in dark miasma.
You are more poisoned.
You feel extremely sick.
Your jackal dies!
Your jackal's corpse dissolves into shadows!
Your jackal dies!
Your jackal's corpse dissolves into shadows!
Your jackal dies!
Your jackal's corpse dissolves into shadows!
Your jackal dies!
Your jackal's corpse dissolves into shadows!
Your hobgoblin dies!
Your hobgoblin's corpse dissolves into shadows!
The freezing vortex lifts you up.
You fly up into the air.
You fail to use your ability.
You are engulfed in dark miasma.
You feel as though you will be slow longer.
You feel extremely sick.
Your hobgoblin dies!
Your hobgoblin's corpse dissolves into shadows!
Your quokka dies!
Your quokka's corpse dissolves into shadows!
Lom Lobon gestures at you.
Lom Lobon conjures a mighty blast of ice!
The great icy blast engulfs you!!! You partially resist.
* * * LOW HITPOINT WARNING * * *
You are encased in ice.
You feel much better.
* * * LOW HITPOINT WARNING * * *
You feel extremely sick.
* * * LOW HITPOINT WARNING * * *
You die...

########§##'#..#).#.###.#.≈..#...
......##§##.#....°....#.###..#...
......§§.####....°°...#)#.'..##..
..######§#[['......####)#.##'##..
...§§§§#§#####...###).).#^#~~~##.
..§§§.#§.#.[[#####...####.#~~~~##
..§§.§####(........###°○..#~~~~~#
....§§##.(.....#####○°°○####~~~~#
..~~~###(.....##@°§○°°§°#..#'~~~'
~~~### #.....##○§&°§○°○°#...##~~#
###'####.....#§○§°§○§§○°#....####
####∩∩############°○§°○○#....#~~≈
∩∩∩∩∩###≈≈≈≈≈≈≈≈.#§§○§§.#######~~
###### ###########§°°°§.°)}#.)'..
#..0..+..^°§°○°○.#)['|.#..
##########################


You could see Lom Lobon (vortex).

Vanquished Creatures
  A golden dragon (D)
  A deep elf master archer (D)
  A shadow dragon (D)
  A fire giant (D)
  A deep elf annihilator (D)
  A mummy priest (D)
  2 centaur warriors (D)
  Sonja (D)
  A deep troll (D)
  A lindwurm (D)
  2 oklob plants (D)
  2 gargoyles (D)
  4 demonic crawlers (D)
  7 unseen horrors (D)
  2 kobold demonologists (D)
  2 hornets (D)
  Sigmund (D)
  A slime creature (D)
  13 hogs (D)
  A yak (D)
  2 redbacks (D)
  3 floating eyes (D)
  An ogre (D)
  7 necrophages (D)
  8 jellies (D)
  Ijyb (D)
68 creatures vanquished.

Vanquished Creatures (collateral kills)
  the Lernaean hydra (D)
  2 fire giants (D)
  A lorocyproca (D)
  A hydra (D)
  8 shining eyes (D)
  2 merfolk sirens (D)
  A hellwing (D)
  3 hornets (D)
  4 floating eyes (D)
23 creatures vanquished.

Vanquished Creatures (others)
  A fire giant (D)
  6 ball lightnings (D)
  2 ballistomycete spores (D)
9 creatures vanquished.

Grand Total: 100 creatures vanquished

Notes
Turn   | Place    | Note
-------+----------+-------------------------------------------
     0 | D        | GloriousHammer the Minotaur Berserker began the quest for
                  | the Orb.
     0 | D        | Reached XP level 1. HP: 19/19 MP: 0/0
     6 | D        | Noticed Ijyb
    18 | D        | Killed Ijyb
    19 | D        | Reached skill level 5 in Fighting
    19 | D        | Reached skill level 5 in Maces & Flails
    19 | D        | Reached XP level 2. HP: 13/29 MP: 1/1
    85 | D        | Noticed an ogre
    90 | D        | Killed an ogre
    91 | D        | Reached skill level 6 in Fighting
    91 | D        | Reached skill level 5 in Dodging
    91 | D        | Reached XP level 3. HP: 38/38 MP: 2/2
    91 | D        | Reached XP level 4. HP: 45/45 MP: 3/3
   101 | D        | Noticed Sigmund
   108 | D        | Killed Sigmund
   108 | D        | Reached ** piety under Trog
   109 | D        | Reached skill level 8 in Fighting
   109 | D        | Reached XP level 5. HP: 25/56 MP: 4/4
   109 | D        | Reached XP level 6. HP: 27/62 MP: 5/5
   218 | D        | Found an ornate altar of the Wu Jian Council.
   218 | D        | Found a shimmering blue altar of Sif Muna.
   220 | D        | Found a radiant altar of Vehumet.
   232 | D        | Found Ifrutais's Distillery.
   232 | D        | Found an ancient bone altar of Kikubaaqudgha.
   232 | D        | Found a hazy altar of Hepliaklqana.
   232 | D        | Found a stormy altar of Qazlal.
   232 | D        | Found a hide-covered altar of Uskayaw.
   232 | D        | Found a blossoming altar of Fedhas.
   232 | D        | Found a bloodstained altar of Trog.
   232 | D        | Found an iron altar of Okawaru.
   232 | D        | Found a basalt altar of Yredelemnul.
   232 | D        | Found a glowing golden altar of the Shining One.
   232 | D        | Found a snail-covered altar of Cheibriados.
   232 | D        | Found a sacrificial altar of Ru.
   232 | D        | Found a glowing silver altar of Zin.
   232 | D        | Found a shadowy altar of Dithmenos.
   232 | D        | Found a white marble altar of Elyvilon.
   232 | D        | Noticed a yak
   239 | D        | Killed a yak
   240 | D        | Reached skill level 9 in Fighting
   241 | D        | Found an opulent altar of Gozag.
   255 | D        | Found a sparkling altar of Nemelex Xobeh.
   277 | D        | Noticed Sonja
   284 | D        | Killed Sonja
   284 | D        | Reached *** piety under Trog
   285 | D        | Reached skill level 11 in Fighting
   285 | D        | Reached skill level 10 in Armour
   285 | D        | Reached XP level 7. HP: 74/74 MP: 6/6
   285 | D        | Reached XP level 8. HP: 82/82 MP: 7/7
   336 | D        | Noticed a deep troll
   340 | D        | Killed a deep troll
   341 | D        | Reached skill level 12 in Fighting
   341 | D        | Reached skill level 10 in Dodging
   367 | D        | Found Utrir's Armour Emporium.
   388 | D        | Found Cips's Assorted Antiques.
   396 | D        | Bought a potion of heal wounds for 115 gold pieces
   396 | D        | Bought a scroll labelled QENEILL CIJOXT for 23 gold pieces
   396 | D        | Bought a scroll labelled YCEAWEKL QIWK for 23 gold pieces
   427 | D        | Noticed a centaur warrior
   427 | D        | Noticed a centaur warrior
   439 | D        | Killed a centaur warrior
   440 | D        | Reached XP level 9. HP: 20/92 MP: 8/8
   442 | D        | Killed a centaur warrior
   442 | D        | Reached **** piety under Trog
   443 | D        | Reached skill level 13 in Fighting
   731 | D        | Noticed an oklob plant
   749 | D        | Killed an oklob plant
   750 | D        | Reached skill level 5 in Evocations
   943 | D        | Reached ***** piety under Trog
   944 | D        | Reached skill level 14 in Fighting
   961 | D        | Received a gift from Trog
  1175 | D        | Killed an unseen horror
  1176 | D        | Reached XP level 10. HP: 70/104 MP: 9/9
  1388 | D        | Received a gift from Trog
  1441 | D        | Found Hais's Assorted Antiques.
  1441 | D        | Found Reseci's Book Shop.
  1441 | D        | Found Zasaikas's Antique Weapon Boutique.
  1443 | D        | Found Eter's Antique Weapon Emporium.
  1443 | D        | Found Kusiatiq's Antique Weapon Shop.
  1443 | D        | Found Duemum's Assorted Antiques.
  1443 | D        | Found Isosmus's Antique Weapon Boutique.
  1443 | D        | Found Elena's Book Emporium.
  1443 | D        | Found Lasaiwn's Distillery.
  1443 | D        | Found Nimpaj's Book Shoppe.
  1447 | D        | Found Herghaj's Antique Weapon Boutique.
  1448 | D        | Found Fonn's Antique Armour Emporium.
  1448 | D        | Found Opyafamp's Distillery.
  1449 | D        | Found Ekhlu's Assorted Antiques.
  1450 | D        | Bought a scroll of blinking for 180 gold pieces
  1450 | D        | Bought a brightly glowing silver ring for 120 gold pieces
  1450 | D        | Identified the ring of Egomania {rC+ rN+ Str+5 Stlth-} (You
                  | bought it in a shop in the Dungeon)
  1469 | D        | Bought a buckler for 112 gold pieces
  1478 | D        | Bought a runed morningstar for 154 gold pieces
  1492 | D        | Bought a shiny plate armour for 650 gold pieces
  1512 | D        | Bought a runed cloak for 120 gold pieces
  1518 | D        | Bought a glowing moonstone ring for 120 gold pieces
  1564 | D        | Found a burning altar of Makhleb.
  1564 | D        | Found a viscous altar of Jiyva.
  1564 | D        | Found a shimmering altar of Xom.
  1564 | D        | Found a corrupted altar of Lugonu.
  1570 | D        | Reached skill level 15 in Fighting
  1570 | D        | Reached skill level 1 in Shields
  1717 | D        | Received a gift from Trog
  1830 | D        | Noticed a demonic crawler
  1830 | D        | Noticed a demonic crawler
  1830 | D        | Noticed a demonic crawler
  1830 | D        | Noticed a demonic crawler
  1833 | D        | Killed a demonic crawler
  1834 | D        | Reached skill level 15 in Armour
  1837 | D        | Killed a demonic crawler
  1846 | D        | Killed a demonic crawler
  1846 | D        | Reached ****** piety under Trog
  1850 | D        | Killed a demonic crawler
  2084 | D        | Noticed a lindwurm
  2087 | D        | Killed a lindwurm
  2088 | D        | Reached skill level 15 in Maces & Flails
  2088 | D        | Reached skill level 5 in Shields
  2101 | D        | Received a gift from Trog
  2104 | D        | Reached skill level 16 in Fighting
  2107 | D        | Reached XP level 11. HP: 109/114 MP: 3/10
  2132 | D        | Received a gift from Trog
  2335 | D        | Noticed a 12-headed hydra
  2338 | D        | Killed a 12-headed hydra
  2357 | D        | Noticed a deep elf annihilator
  2357 | D        | Received a gift from Trog
  2358 | D        | Reached skill level 17 in Fighting
  2370 | D        | Reached skill level 10 in Evocations
  2371 | D        | Killed a deep elf annihilator
  2379 | D        | Noticed a mummy priest
  2383 | D        | Identified the +10 quarterstaff "Gyly" {flame, rElec Will+
                  | Dex+3} (Trog gifted it to you in the Dungeon)
  2383 | D        | Received a gift from Trog
  2387 | D        | Noticed an oklob plant
  2390 | D        | Noticed a phantasmal warrior
  2783 | D        | Bought a pair of embroidered gloves for 180 gold pieces
  2792 | D        | Bought 2 potions of flight for 72 gold pieces
  2830 | D        | Bought a potion of might for 44 gold pieces
  2830 | D        | Bought a potion of invisibility for 88 gold pieces
  2869 | D        | Bought a runed plate armour for 416 gold pieces
  2908 | D        | Noticed a shining eye
  2908 | D        | Noticed a shining eye
  2908 | D        | Noticed a shining eye
  2913 | D        | Killed a shining eye
  2914 | D        | Reached skill level 18 in Fighting
  2916 | D        | Killed a shining eye
  2916 | D        | Received a gift from Trog
  2918 | D        | Killed a shining eye
  2918 | D        | Noticed a shining eye
  2920 | D        | Killed a shining eye
  2921 | D        | Noticed a shining eye
  2922 | D        | Killed a shining eye
  2923 | D        | Noticed a shining eye
  2923 | D        | Gained mutation: You are clumsy. (Dex -2) [a shining eye]
  2926 | D        | Killed a shining eye
  2927 | D        | Noticed a shining eye
  2928 | D        | Noticed a shining eye
  2929 | D        | Killed a shining eye
  2930 | D        | Identified the +4 morningstar "Hoan" {heavy, rElec rCorr}
                  | (Trog gifted it to you in the Dungeon)
  2930 | D        | Received a gift from Trog
  2930 | D        | Gained mutation: You are weak. (Str -2) [a shining eye]
  2933 | D        | Gained mutation: You passively map a small area around you.
                  | [a shining eye]
  2935 | D        | Killed a shining eye
  2936 | D        | Reached XP level 12. HP: 129/129 MP: 3/11
  3107 | D        | Found Paemuucze's Magic Scroll Shoppe.
  3107 | D        | Found Putaecoa's Antique Weapon Shop.
  3107 | D        | Found Zefirit's Antique Armour Emporium.
  3107 | D        | Found Zagguj's Magic Scroll Boutique.
  3112 | D        | Bought a scroll of identify for 22 gold pieces
  3112 | D        | Bought a scroll of identify for 22 gold pieces
  3227 | D        | Reached skill level 19 in Fighting
  3334 | D        | Killed a lorocyproca
  3904 | D        | Noticed a daeva
  4262 | D        | Received a gift from Trog
  4496 | D        | Noticed a fire giant
  4508 | D        | Killed a fire giant
  4509 | D        | Noticed a fire giant
  4515 | D        | Killed a fire giant
  4516 | D        | Reached skill level 20 in Fighting
  4547 | D        | Noticed a fire giant
  4554 | D        | Killed a fire giant
  4554 | D        | Noticed a fire giant
  4556 | D        | Killed a fire giant
  4790 | D        | Found the +4 dragonskin cloak
  4790 | D        | Noticed Tiamat
  4845 | D        | Noticed a jiangshi
  4846 | D        | Killed a mummy priest
  5036 | D        | Noticed the 27-headed Lernaean hydra
  5043 | D        | Killed the 27-headed Lernaean hydra
  5044 | D        | Reached skill level 21 in Fighting
  5372 | D        | Bought a pair of boots for 112 gold pieces
  5380 | D        | Bought a scroll labelled XUUG SOHAOSEUTZ for 24 gold pieces
  5380 | D        | Bought a scroll of identify for 48 gold pieces
  5380 | D        | Bought a scroll of identify for 48 gold pieces
  5436 | D        | Bought a scroll of summoning for 133 gold pieces
  5542 | D        | Bought a scroll of identify for 28 gold pieces
  5542 | D        | Bought a scroll of identify for 28 gold pieces
  5542 | D        | Bought a scroll of identify for 28 gold pieces
  5623 | D        | Noticed a deep elf master archer
  5629 | D        | Killed a deep elf master archer
  5724 | D        | Found the +3 Mad Mage's Maulers {Infuse+∞ VampMP -Cast}
  5767 | D        | Identified the +2 pair of boots "Weupnas" {*Slow rF+ Will+
                  | Slay+3}
  5865 | D        | Noticed a shadow dragon
  5865 | D        | Noticed a golden dragon
  5873 | D        | Killed a shadow dragon
  5879 | D        | Killed a golden dragon
  5880 | D        | Reached skill level 22 in Fighting
  5880 | D        | Reached XP level 13. HP: 145/145 MP: 3/12
  6069 | D        | Found Xine's General Store.
  6088 | D        | Bought a phantom mirror for 440 gold pieces
  6167 | D        | Bought a scroll of enchant weapon for 105 gold pieces
  6167 | D        | Bought a scroll of enchant weapon for 105 gold pieces
  6167 | D        | Bought a scroll of fog for 56 gold pieces
  6255 | D        | Identified the ring "Gigyghax" {rElec rC+ Str-2 Dex+6
                  | Slay+3}
  6259 | D        | Identified the ring of Wafrahy {Str+3 Int+3 Dex+3 SInv}
  6261 | D        | Noticed Lom Lobon
  6344 | D        | Identified the +8 war axe "Orchu" {pain, rElec rN+ MP+9}
  6545 | D        | HP: 3/145 [Lom Lobon/great icy blast (46)]
  6546 | D        | Killed from afar by Lom Lobon

Illustrated notes

Levels and vault maps discovered:
D:        dungeon_sprint_1 [red_sonja_temple_1, red_sonja_temple_small_1]

Skill      XL: |  1  2  3  4  5  6  7  8  9 10 11 12 |
---------------+-------------------------------------+-----
Fighting       | 5 6 8 11 12 14 16 18 22 | 22.1
Maces & Flails | 5 6 8 11 12 14 15 16 | 16.0
Armour         | 4 6 7 10 12 14 15 18 21 | 21.9
Dodging        | 3 5 7 9 10 | 10.8
Throwing       | 3 4 |  4.0
Evocations     | 2 6 8 12 14 | 14.4
Shields        | 6 |  6.0

Action                     |  1- 3 |  4- 6 |  7- 9 | 10-12 | 13-15 || total
---------------------------+-------+-------+-------+-------+-------++-------
  Melee: Mace              |    11 |    18 |    75 |    24 |       ||   128
         Headbutt          |     2 |     5 |    24 |    45 |       ||    76
         Punch             |       |       |     1 |     1 |       ||     2
         Morningstar       |       |       |       |   149 |       ||   149
         Great mace        |       |       |       |    12 |       ||    12
 Invoke: Berserk           |     1 |       |     2 |     2 |       ||     5
         Brothers in Arms  |       |       |       |     9 |       ||     9
  Evoke: Wand              |       |     1 |     1 |     3 |       ||     5
    Use: Scroll            |       |       |       |    14 |     3 ||    17
         Potion            |       |       |       |     2 |     3 ||     5
   Stab: Paralysed         |       |     4 |     4 |       |       ||     8
 Armour: Leather armour    |       |     3 |       |       |       ||     3
         Troll leather arm |       |       |    22 |    10 |       ||    32
         Plate armour      |       |       |       |   154 |       ||   154
  Dodge: Dodged            |     4 |     5 |    31 |   102 |       ||   142
  Block: Buckler           |       |       |       |    37 |       ||    37

Table legend: (Time is in decaauts)
 A = Elapsed time spent in this place.
 B = Non-inter-level travel time spent in this place.
 C = Inter-level travel time spent in this place.
 D = Time resting spent in this place.
 E = Time spent auto-exploring this place.
 F = Levels seen in this place.
 G = Mean time per level.
                   A        B        C        D        E       F      G
               +--------+--------+--------+--------+--------+-----+--------+
         Total |   6586 |   5851 |    735 |   3859 |      0 |   1 | 6586.0 |
       Dungeon |   6586 |   5851 |    735 |   3859 |      0 |   1 | 6586.0 |
               +--------+--------+--------+--------+--------+-----+--------+

Top non-repeatable levels by time:
       D: 6586 daAuts
